 Seeded DCSS version 0.29-a0-375-g5102b3be25 (webtiles) character file.

Game seed: 12277325093202877910 (custom seed)

4 zeratav the Shield-Bearer (level 1, 0/11 HPs)
             Began as a Vine Stalker Fighter on May 3, 2022.
             Slain by a gnoll
             ... wielding a +0 club
              (3 damage)
             ... on level 1 of the Dungeon.
             The game lasted 00:00:42 (239 turns).

zeratav the Shield-Bearer (Vine Stalker Fighter)     Turns: 239, Time: 00:00:42

Health: 0/11       AC:  6    Str: 18    XL:     1   Next: 70%
Magic:  0/2        EV:  9    Int:  8    God:
Gold:   0          SH:  4    Dex: 13    Spells: 0/0 levels left

rFire   . . .      SeeInvis .   a - +0 flail {mace}
rCold   . . .      Faith    .   c - +0 buckler
rNeg    . . .      Spirit   +   b - +0 scale mail
rPois   .          Reflect  .   (no helmet)
rElec   .          Harm     .   (no cloak)
rCorr   .          Rampage  .   (no gloves)
Will    .....                   (no boots)
Stlth   ..........              (no amulet)
HPRegen 0.03/turn               (no ring)
MPRegen 0.08/turn               (no ring)

@: no status effects
A: fangs 2, magic shield, antimagic bite, no potion heal 2
a: no special abilities


You were on level 1 of the Dungeon.
You visited 1 branch of the dungeon, and saw 1 of its levels.


Innate Abilities, Weirdness & Mutations

You have extremely sharp teeth.
When hurt, damage is shared between your health and your magic reserves.
Your bite disrupts and absorbs the magic of your enemies.
Potions cannot restore your health.


   Skills:
 - Level 2.6 Fighting
 + Level 2.2 Maces & Flails
 - Level 2.4 Armour
 - Level 2.6 Shields


You couldn't memorise any spells.
You didn't know any spells.
Your spell library was empty.

Inventory:

Hand Weapons
 a - a +0 flail (weapon) {mace}
Armour
 b - a +0 scale mail (worn)
 c - a +0 buckler (worn)
 e - a +0 leather armour
   (You found it on level 1 of the Dungeon)
Scrolls
 g - 2 scrolls of identify {unknown}
 h - a scroll of teleportation {unknown}
Potions
 d - a potion of might
 f - 2 potions of attraction {unknown}

Dungeon Overview and Level Annotations

Branches:
Dungeon (1/15)

Altars:

#.... #######
###....## ......#
.......# ###......#
#.....# #.+.......
#.....# #.#......#
#.....# #.#.......
#.#.....#####.#b.....#
.............@gg......
#.#####.#####.######.#
#.#####.# #.......#
#..###### #..# #..#
#..# #..# ....


You could see a gnoll, a goblin and a bat.


Message History

You kill the frilled lizard!
No target in view!
No target in view!
No target in view!
No target in view!
No target in view!
No target in view!
No target in view!
No target in view!
No target in view!
No target in view!
No target in view!
No target in view!
No target in view!
You see here a frilled lizard corpse.
A rat comes into view.
The rat twitches its whiskers.
The rat moves out of view.
You see here a scroll labelled ICOSUA FOLAY.
A rat is nearby!
A rat is nearby!
You barely miss the rat. You bite the rat.
You kill the rat!
No target in view!
No target in view!
No target in view!
No target in view!
No target in view!
No target in view!
No target in view!
No target in view!
No target in view!
g - 2 scrolls labelled ICOSUA FOLAY (gained 1)
You see here a rat corpse.
h - a scroll labelled DEHEUNWOFEU A goblin comes into view.
It is wielding a +0 dagger.
The goblin shouts!
A goblin is nearby!
A bat comes into view.
A gnoll and an endoplasm come into view.
The gnoll shouts!
The endoplasm quivers.
You block the bat's attack. The bat barely misses you.
The goblin hits you but does no damage.
You closely miss the goblin. You bite the goblin. You drain its power.
The bat barely misses you. You block the goblin's attack. The bat hits you.
HP[-1]
You take 1 damage, and now have 10/11 hp.
You closely miss the bat. You block the bat's attack.
The goblin closely misses you. The bat barely misses you.
HP[+1]
Your hp is fully restored (11).
You barely miss the bat. The bat hits you but does no damage.
The goblin hits you but does no damage.
The endoplasm hits you but does no damage.
The goblin hits you but does no damage.
You hit the endoplasm. The endoplasm freezes you.
You are frozen.
The goblin hits you but does no damage.
HP[-3]
You take 3 damage, and now have 8/11 hp.
MASSIVE DAMAGE!! (PAUSE)
You are too injured to fight recklessly!
You are too injured to fight recklessly!
You are too injured to fight recklessly!
You are too injured to fight recklessly!
You are too injured to fight recklessly!
You are too injured to fight recklessly!
You are too injured to fight recklessly!
You are too injured to fight recklessly!
You are too injured to fight recklessly!
You are too injured to fight recklessly!
You are too injured to fight recklessly!
You are too injured to fight recklessly!
You are too injured to fight recklessly!
You are too injured to fight recklessly!
You are too injured to fight recklessly!
You are too injured to fight recklessly!
You are too injured to fight recklessly!
You are too injured to fight recklessly!
The endoplasm attacks as you move away!
The endoplasm hits you but does no damage.
You hit the endoplasm.
You kill the endoplasm!
You hit the gnoll but do no damage. Your bite misses the gnoll.
The gnoll hits you but does no damage. The gnoll hits you with a +0 club.
* * * LOW HITPOINT WARNING * * *
You barely miss the gnoll. You block the gnoll's attack.
HP[-4] MP[-1]
You take 4 damage, and now have 4/11 hp.
MASSIVE DAMAGE!! (PAUSE)
You lost 1 mp, and now have 1/2 mp.
You closely miss the gnoll. You bite the gnoll. You drain its power.
You feel invigorated. The gnoll hits you but does no damage.
MP[+1]
Your mp is fully restored (2).
You sock the gnoll! The gnoll hits you with a +0 club.
* * * LOW HITPOINT WARNING * * *
The gnoll hits you with a +0 club.
You die...

Skill      XL: |  1 |
---------------+----+-----
Maces & Flails | 2 |  2.2
Fighting       | |  2.6
Armour         | |  2.4
Shields        | |  2.6

Action                   || total
-------------------------++-------
Melee: Flail             ||    15
       Bite              ||     3
Armor: Scale mail        ||    12
Dodge: Dodged            ||     4
Block: Buckler           ||     4

Levels and vault maps discovered:
D:1:      tarquinn_simple_flora_water_e, layout_basic, basic_ecumenical_altar,
          nicolae_concentric_dashed_squares_wild

Notes
Turn   | Place    | Note
-------+----------+-------------------------------------------
     0 | D:1      | zeratav the Vine Stalker Fighter began the quest for the
                  | Orb.
     0 | D:1      | Reached XP level 1. HP: 11/11 MP: 2/2
     0 | D:1      | magus.rc [v1.9.6]
   114 | D:1      | Reached skill level 2 in Maces & Flails
   239 | D:1      | Slain by a gnoll

Vanquished Creatures
  2 endoplasms (D:1)
  A frilled lizard (D:1)
  A kobold (D:1)
  A rat (D:1)
5 creatures vanquished.

Table legend:
 A = Non-vault XP
 B = Vault XP
 C = Vault XP percentage of total XP
 D = Non-vault monster count
 E = Vault monster count
 F = Vault count percentage of total count
                 A         B        C        D         E       F
            +---------+---------+-------+---------+---------+-------
      Total |       7 |       0 |   0.0 |       5 |       0 |   0.0
            +---------+---------+-------+---------+---------+-------
        D:1 |       7 |       0 |   0.0 |       5 |       0 |   0.0
            +---------+---------+-------+---------+---------+-------

Illustrated notes

Table legend:
 A = Kills in this place as a percentage of kills in entire the game.
 B = Kills by you in this place as a percentage of kills by you in the entire game.
 C = Kills by friends in this place as a percentage of kills by friends in the entire game.
 D = Other kills in this place as a percentage of other kills in the entire game.
 E = Experience gained in this place as a percentage of experience gained in the entire game.
 F = Experience gained in this place divided by the number of levels of this place that you have seen.
                   A       B       C       D       E      F
               +-------+-------+-------+-------+-------+----------------------
         Total | 100.0 | 100.0 |   N/A |   N/A | 100.0 |   7.0
       Dungeon | 100.0 | 100.0 |   N/A |   N/A | 100.0 |   7.0
               +-------+-------+-------+-------+-------+----------------------

Table legend: (Time is in decaauts)
 A = Elapsed time spent in this place.
 B = Non-inter-level travel time spent in this place.
 C = Inter-level travel time spent in this place.
 D = Time resting spent in this place.
 E = Time spent auto-exploring this place.
 F = Levels seen in this place.
 G = Mean time per level.
                   A        B        C        D        E       F      G
               +--------+--------+--------+--------+--------+-----+--------+
         Total |    243 |    243 |      0 |      0 |    205 |   1 |  243.0 |
       Dungeon |    243 |    243 |      0 |      0 |    205 |   1 |  243.0 |
               +--------+--------+--------+--------+--------+-----+--------+

Top non-repeatable levels by time:
     D:1: 243 daAuts
